 Dungeon Crawl Stone Soup version 0.28.0-43-g3370ac3207 (webtiles) character file.

Game seed: 17659258402981108393

1031 croobank the Sneak (level 8, -1/46 HPs)
             Began as an Octopode Fire Elementalist on Mar 20, 2022.
             Slain by a kobold brigand
             ... wielding a +0 dagger
              (5 damage)
             ... on level 6 of the Dungeon.
             The game lasted 00:17:04 (5748 turns).

croobank the Sneak (Octopode Fire Elementalist)     Turns: 5748, Time: 00:17:14

Health: -1/46      AC:  1    Str:  8    XL:     8   Next: 23%
Magic:  3/14       EV: 14    Int: 25    God:
Gold:   250        SH:  0    Dex: 12    Spells: 7/15 levels left

rFire   . . .      SeeInvis .   a - +2 whip (drain)
rCold   . . .      Faith    .   (no shield)
rNeg    . . .      Spirit   .   (helmet restricted)
rPois   +          Reflect  .   (no amulet)
rElec   .          Harm     .   n - +6 ring of intelligence
rCorr   .          Rampage  .   c - ring of poison resistance
Will    .....                   (no ring)
Stlth   ++++......              (no ring)
HPRegen 0.15/turn               (no ring)
MPRegen 0.14/turn               (no ring)
                                (no ring)
                                (no ring)

@: mighty
A: almost no armour, amphibious, 8 rings, camouflage 1, gelatinous body 1,
(nimble swimmer 1), tentacles
a: no special abilities


You were on level 6 of the Dungeon.
You visited 1 branch of the dungeon, and saw 6 of its levels.

You collected 250 gold pieces.

Inventory:

Hand Weapons
 a - a +2 whip of draining (weapon)
 b - a +0 hand crossbow
 f - a +0 war axe
 l - a +0 hunting sling
 o - a +0 short sword of venom
 r - a +0 whip
Missiles
 i - 198 stones
 q - 2 poisoned darts
 s - 25 arrows
 t - 20 bolts
 u - 6 boomerangs (quivered)
 x - 18 sling bullets
Jewellery
 c - a ring of poison resistance (right tentacle)
 n - a +6 ring of intelligence (left tentacle)
 A - an amulet of faith
Wands
 h - a wand of iceblast (8)
 C - a wand of flame (18)
Scrolls
 d - a scroll of noise
 g - 3 scrolls of teleportation
 j - a scroll of magic mapping {unknown}
 m - a scroll of amnesia {unknown}
 p - a scroll of fear {unknown}
 w - a scroll of enchant armour {unknown}
 y - a scroll of holy word {unknown}
 z - a scroll of vulnerability {unknown}
Potions
 e - a potion of ambrosia
 k - a potion of might
 v - a potion of berserk rage {unknown}
 B - a potion of degeneration {unknown}


   Skills:
 + Level 4.5 Dodging
 + Level 6.4 Stealth
 + Level 4.2 Spellcasting
 + Level 4.1 Conjurations
 + Level 5.1 Fire Magic


You had 7 spell levels left.
You knew the following spells:

 Your Spells              Type           Power      Damage    Failure   Level
a - Foxfire               Conj/Fire      100%       2x1d9     1%          1
b - Scorch                Fire           60%        2d8       1%          2
c - Flame Wave            Conj/Fire      28%        2d8       13%         4
d - Beastly Appendage     Tmut           10%        N/A       9%          1

Your spell library contained the following spells:

 Spells                   Type           Power      Damage    Failure   Level
 Conjure Flame            Conj/Fire      28%        6-21      4%          3
 Inner Flame              Hex/Fire       18%        N/A       10%         3
 Wereblood                Tmut           5%         N/A       14%         2
 Gell's Gravitas          Tloc           5%         N/A       26%         3
 Lesser Beckoning         Tloc           5%         N/A       26%         3
 Spider Form              Tmut/Pois      5%         N/A       26%         3
 Teleport Other           Tloc           5%         N/A       26%         3


Dungeon Overview and Level Annotations

Branches:
Dungeon (6/15)
 Temple: D:4-7

Altars:

Shops:
D:4 *

Annotations:
D:3 Sigmund


Innate Abilities, Weirdness & Mutations

You cannot wear most types of armour.
You are amphibious.
You can wear up to eight rings at the same time.
Your skin changes colour to match your surroundings (Stealth+).
Your rubbery body absorbs attacks. (AC +1, EV +1)
((You are camouflaged when in or above water. (Stealth+)))
You have tentacles for arms and can constrict up to eight enemies at once.


Message History

Press: ? - help, Dir - look around, f - activate A wave of flame ripples out!
The flame wave engulfs the kobold!
You kill the kobold!
The flame wave engulfs the killer bee zombie.
The killer bee zombie is burned terribly!
The killer bee zombie is severely damaged.
The flame wave engulfs the kobold.
You kill the kobold!
The flame wave engulfs the kobold brigand!
The kobold brigand is moderately wounded. (Press . to intensify the flame waves.)
You hear an angry hiss.
The killer bee zombie is no longer more vulnerable to fire.
The killer bee zombie barely misses you.
The killer bee zombie closely misses you.
The kobold brigand barely misses you.
A wave of flame ripples out!
The flame wave engulfs the killer bee zombie!
You destroy the killer bee zombie!
The flame wave engulfs the kobold brigand.
The kobold brigand is moderately wounded.
The kobold brigand misses you.
A wave of flame ripples out!
The flame wave engulfs the kobold brigand.
The kobold brigand is moderately wounded.
The flame wave engulfs the adder!
You kill the adder!
The flame wave engulfs the kobold!
You kill the kobold!
You finish channelling waves of flame.
You hear a loud, deep croak!
The kobold brigand hits you with a +0 dagger.
* * * LOW HITPOINT WARNING * * *
Casting: Flame Wave (quite dangerous; 13% risk of failure)
Confirm with . or Enter, or press ? or * to list all spells.
Flames lash the kobold brigand.
The kobold brigand is severely wounded.
The kobold brigand's fire resistance burns away.
The kobold brigand hits you with a +0 dagger.
You die...

##....##..).......
#..))).#..........
#...<..#..........
#......+...########
##....##...##.....#
#######...........
#.....#...........
#.....#†..........
#.....)@..##.....#
#....##)K.##.....#
S##....##....#......
.........)...# .....
[.S.........# .....
............#
###.KK##....#
.###...##....#
..)..........#


You could see a kobold brigand (combustible).

Vanquished Creatures
  2 water moccasins (D:5)
  A sky beast (D:5)
  2 ogres
  A necrophage (D:5)
  A water moccasin skeleton (D:4)
  A howler monkey (D:5)
  A hound (D:5)
  2 jellies (D:5)
  A bullfrog skeleton (D:5)
  Jessica (D:3)
  Natasha (D:3)
  A killer bee zombie (D:6)
  A hound skeleton (D:4)
  A hound zombie (D:5)
  A howler monkey skeleton (D:5)
  6 gnolls
  3 adders
  An adder skeleton (D:5)
  3 dart slugs
  4 orcs (D:4)
  4 ball pythons
  7 bats
  10 endoplasms
  4 giant cockroaches
  5 hobgoblins
  3 jackals (D:1)
  A quokka (D:3)
  7 goblins
  12 kobolds
  4 rats
92 creatures vanquished.

Vanquished Creatures (others)
  134 foxfires
134 creatures vanquished.

Grand Total: 226 creatures vanquished

Notes
Turn   | Place    | Note
-------+----------+-------------------------------------------
     0 | D:1      | croobank the Octopode Fire Elementalist began the quest for
                  | the Orb.
     0 | D:1      | Reached XP level 1. HP: 11/11 MP: 3/3
    97 | D:1      | Reached XP level 2. HP: 2/17 MP: 0/5
   388 | D:1      | Learned a level 2 spell: Scorch
   401 | D:1      | Reached skill level 3 in Stealth
   762 | D:1      | Reached XP level 3. HP: 21/21 MP: 4/6
   876 | D:1      | You fall into a shaft and drop 1 floor!
  1948 | D:2      | Found a faded altar of an unknown god.
  2201 | D:3      | Noticed Sigmund
  2281 | D:3      | Noticed Jessica
  2282 | D:3      | Noticed Natasha
  2283 | D:3      | Killed Jessica
  2284 | D:3      | Reached XP level 4. HP: 21/27 MP: 1/7
  2289 | D:3      | Killed Natasha
  2584 | D:3      | Learned a level 4 spell: Flame Wave
  2586 | D:3      | Learned a level 1 spell: Beastly Appendage
  2783 | D:3      | Reached XP level 5. HP: 17/31 MP: 9/9
  2926 | D:4      | Noticed an ogre
  2974 | D:4      | Reached skill level 4 in Stealth
  3362 | D:4      | Found Loklufio's Fire Supplies.
  3410 | D:4      | Killed an ogre
  3411 | D:4      | Reached XP level 6. HP: 36/36 MP: 2/10
  4237 | D:5      | Entered Level 5 of the Dungeon
  4237 | D:5      | Noticed a necrophage
  4240 | D:5      | Killed a necrophage
  4241 | D:5      | Reached skill level 5 in Stealth
  4396 | D:5      | Noticed a sky beast
  4399 | D:5      | Reached XP level 7. HP: 41/41 MP: 4/12
  5050 | D:5      | Reached skill level 6 in Stealth
  5083 | D:5      | Reached XP level 8. HP: 46/46 MP: 5/14
  5239 | D:5      | Reached skill level 5 in Fire Magic
  5748 | D:6      | Slain by a kobold brigand

Illustrated notes

Levels and vault maps discovered:
D:1:      scummos_arrival_gate, layout_basic, chequers_serial_rivers_micro_b,
          minivault_19, minmay_pentomino_z2
D:2:      layout_loops_cross, shapermc_ecumenical_altar_mp_urbaneastern,
          minmay_misc_feat_iff
D:3:      layout_loops_ring, uniq_terence, uniq_sigmund, uniq_natasha,
          uniq_jessica
D:4:      layout_basic, nicolae_shop_fire_sale [nicolae_sub_dead_trees]
D:5:      layout_loops_ring, st_stairs_5
D:6:      layout_gridville, enter_ossuary_3, corexii_shack

Skill      XL: |  1  2  3  4  5  6  7  8 |
---------------+-------------------------+-----
Stealth        | 3 4 5 6 |  6.4
Conjurations   | 2 3 4 |  4.1
Dodging        | 3 4 |  4.5
Spellcasting   | 3 4 |  4.2
Fire Magic     | 4 5 |  5.1

Action                   |  1- 3 |  4- 6 |  7- 9 || total
-------------------------+-------+-------+-------++-------
Melee: Unarmed           |     8 |       |       ||     8
       Constrict         |     3 |     5 |     4 ||    12
       Tentacles         |     3 |     2 |     4 ||     9
       Whip              |     2 |     6 |    15 ||    23
       Short sword       |       |     7 |       ||     7
Throw: Dart              |       |       |     2 ||     2
       Boomerang         |       |       |     3 ||     3
 Cast: Foxfire           |    45 |    15 |    20 ||    80
       Scorch            |    12 |    24 |    20 ||    56
       Flame Wave        |       |     1 |     1 ||     2
Evoke: Wand              |       |     1 |       ||     1
  Use: Scroll            |     2 |       |     3 ||     5
       Potion            |       |     2 |     1 ||     3
Armor: Skin              |     1 |     3 |       ||     4
Dodge: Dodged            |    13 |    21 |    31 ||    65
